Login

Minnesota Wild vs Nashville Predators

Created - 20 March 2024 at 23:19

Goals
1 2 3 OT1 SO T
Minnesota Wild 0 1 1 0 1 3
Nashville Predators 0 0 2 0 0 2
Shots
1 2 3 OT1 SO T
Minnesota Wild 9 14 5 0 5 28
Nashville Predators 5 17 10 0 5 32

GoalsPenalties
1st period
No Goal
2nd period
1. Minnesota Wild , Mats Zuccarello 1 (Kirill Kaprizov 5, Jared Spurgeon 4) at 6:21
Tyson Barrie (NSH) for Tripping (Minor) at 0:47
Ryan Hartman (MIN) for Interference (Minor) at 7:40
Colton Sissons (NSH) for Slashing (Minor) at 18:06
3rd period
2. Nashville Predators , Gustav Nyquist 4 (Colton Sissons 5, Roman Josi 8) at 3:41
3. Nashville Predators , Ryan O'Reilly 5 (Cody Glass 1, Filip Forsberg 5) at 3:53
4. Minnesota Wild , Marcus Johansson 2 (John Klingberg 5, Jordie Benn 1) at 9:13 (PP)
Marcus Foligno (MIN) for Interference (Minor) at 1:21
Cole Smith (NSH) for Fighting (Major) at 4:51
Jake Middleton (MIN) for Fighting (Major) at 4:51
Roman Josi (NSH) for High sticking (Minor) at 7:32
Kirill Kaprizov (MIN) for Holding (Minor) at 11:07
Gustav Nyquist (NSH) for Roughing (Minor) at 13:19
Overtime #1
No Goal
Shootout
Minnesota Wild, Kirill Kaprizov - Stopped by Juuse Saros
Nashville Predators, Filip Forsberg - Shot Misses the Net
Minnesota Wild, Zach Parise - Shot Misses the Net
Nashville Predators, Ryan O'Reilly - Stopped by Filip Gustavsson
Minnesota Wild, Mats Zuccarello - Stopped by Juuse Saros
Nashville Predators, Tommy Novak - Stopped by Filip Gustavsson
Minnesota Wild, Ryan Hartman - Stopped by Juuse Saros
Nashville Predators, Colton Sissons - Stopped by Filip Gustavsson
Minnesota Wild, Marcus Johansson - Goal!
Nashville Predators, Juuso Parssinen - Stopped by Filip Gustavsson
Goalie Stats
Filip Gustavsson (MIN), 30 saves from 32 shots - (0.938), W, 6-1-0, 65:00 minutes
Juuse Saros (NSH), 26 saves from 28 shots - (0.929), OTL, 4-2-1, 65:00 minutes
3 StarsOfficial
1 - Mats Zuccarello (MIN)
2 - Filip Gustavsson (MIN)
3 - Gustav Nyquist (NSH)
Referees : Terry Koharski and Dan O'Rourke
Linesman : Brian Murphy and Brent Hooks
Game Note
Cole Smith and Jake Middleton fight to a draw at 4:51 of 3rd period
Finance
Level 1 -- Attendance: 6000 (100.00%) -- Ticket Income $600,000
Level 2 -- Attendance: 4495 (89.90%) -- Ticket Income $269,700
Level 3 -- Attendance: 2000 (100.00%) -- Ticket Income $70,000
Level 4 -- Attendance: 3451 (86.28%) -- Ticket Income $86,275
Luxury Box -- Attendance: 921 (92.10%) -- Ticket Income $184,200
Game was played at the Bridgestone Arena.
Total Attendance: 16867 (93.71%)
Total Ticket Income: $1,210,175
Other Income: $592,986
Total Income: $1,803,161



Team Name Goals Shots Shots Attemp Shots Blocked PIM HIT PP PK FO%
Minnesota Wild 32855511181 / 4 (25%)041%
Nashville Predators 23250713170 / 3 (0%)159%

Minnesota Wild
Player Name POS G A P +/- PIM HIT SHT SB MP PP MP PP SHT PK MP PK SHT FO% FOT GA TA
Connor DewarC000001019:171:1300:5000% 001
Eric StaalC0000000011:530:0000:00050% 210
Jake MiddletonD000-1511123:443:5801:4300% 000
Jared SpurgeonD0110000013:060:0000:0000% 012
Jesse YlonenRW000001107:340:0000:0000% 210
Joel Eriksson-EkC000-1006016:100:0000:100100% 200
John KlingbergD0110010225:162:5504:1400% 001
Jon MerrillD0000001017:150:0804:0400% 001
Jordie BennD011-1010015:271:0101:4300% 000
Jujhar KhairaLW0000013011:550:0000:00025% 801
Kirill KaprizovLW0110211024:244:4402:520100% 120
Marcus FolignoLW000-1201015:142:5400:5700% 001
Marcus JohanssonLW101-1015020:142:5421:2900% 110
Mats ZuccarelloRW1011006020:034:4420:0000% 011
Pat MaroonLW000002008:190:0001:3500% 101
Rasmus RistolainenD0000032028:285:3110:1000% 011
Ryan HartmanC000-1230116:492:5400:20052% 2102
Zach PariseLW0000021023:515:1403:41035% 3100
Nashville Predators
Player Name POS G A P +/- PIM HIT SHT SB MP PP MP PP SHT PK MP PK SHT FO% FOT GA TA
Alexandre CarrierD000000000:240:0000:0000% 000
Cody GlassC0111021021:343:4400:09050% 200
Cole SmithLW0000520014:372:1300:0000% 001
Colton SissonsC0111222116:570:0001:39083% 600
Dante FabbroD0001010111:560:0002:1200% 001
Filip ForsbergLW0110005128:183:4434:26136% 1130
Gustav NyquistC1011223014:490:0000:00050% 201
Jeremy LauzonD000100009:440:0000:0000% 000
Juuso ParssinenC000-1011017:522:1300:00067% 310
Kiefer SherwoodLW0001011014:460:0000:5400% 110
Luke SchennD000-1030120:441:4302:5300% 000
Mark JankowskiC000000002:290:0001:2100% 000
Roman JosiD0111217131:404:1413:5010% 052
Ryan McDonaghD000-1010019:461:4302:4200% 001
Ryan O'ReillyC1010002128:273:4404:26066% 2900
Tommy NovakC0000014019:262:1302:21064% 1410
Tyson BarrieD0001206131:094:1423:3900% 012
Yakov TreninC000000002:390:0000:0000% 100

Minnesota Wild

5 vs 5 Forward
Line #Left WingCenterRight WingPHYDFOFWanted %Time %Time Play
1Kirill KaprizovZach PariseMats Zuccarello1133332%15:01
2Marcus JohanssonRyan HartmanJoel Eriksson-Ek1223331%14:36
3Marcus FolignoJujhar KhairaEric Staal1222222%10:08
4Pat MaroonJesse YlonenConnor Dewar2301214%6:40
5 vs 5 Defense
Line #DefenseDefensePHYDFOFWanted %Time %Time Play
1Rasmus RistolainenJake Middleton1224038%17:39
2Jared SpurgeonJohn Klingberg0323031%14:33
3Jordie BennJon Merrill1402024%11:16
4Rasmus RistolainenJohn Klingberg131106%2:57
Power Play Forward
Line #Left WingCenterRight WingPHYDFOFWanted %Time %Time Play
1Kirill KaprizovZach PariseMats Zuccarello0056062%4:44
2Marcus JohanssonRyan HartmanMarcus Foligno0144038%2:54
Power Play Defense
Line #DefenseDefensePHYDFOFWanted %Time %Time Play
1Rasmus RistolainenJake Middleton0146072%5:31
2John KlingbergZach Parise0144028%2:07
Penalty Kill 4 Players Forward
Line #CenterWingPHYDFOFWanted %Time %Time Play
1Zach PariseKirill Kaprizov1136088%5:15
2Ryan HartmanMarcus Johansson1224012%0:42
Penalty Kill 4 Players Defense
Line #DefenseDefensePHYDFOFWanted %Time %Time Play
1Jon MerrillJohn Klingberg1316071%4:14
2Jake MiddletonJordie Benn1404029%1:43
Penalty Kill 3 Players
Line #WingPHYDFOFWanted %Time %Time PlayDefenseDefensePHYDFOFWanted %Time %Time Play
1Mats Zuccarello122600%0:00 John KlingbergJordie Benn131600%0:00
2Jujhar Khaira122400%0:00 Jake MiddletonJon Merrill140400%0:00
4 vs 4 Forward
Line #CenterWingPHYDFOFWanted %Time %Time Play
1Mats ZuccarelloKirill Kaprizov023600%0:00
2Ryan HartmanMarcus Johansson122400%0:00
4 vs 4 Defense
Line #DefensePHYDFOFWanted %Time %Time Play
1John KlingbergRasmus Ristolainen131600%0:00
2Jake MiddletonJon Merrill122400%0:00
Last Minutes Offensive
Left WingCenterRight WingDefenseDefense
Kirill KaprizovRyan HartmanMats ZuccarelloJohn KlingbergJared Spurgeon
Last Minutes Defensive
Left WingCenterRight WingDefenseDefense
Marcus FolignoJoel Eriksson-EkEric StaalJake MiddletonRasmus Ristolainen
Time
Total ForwardTotal DefenseLast Minutes OffensiveLast Minutes Defensive
60:00 60:00 0:000:00
Extra Forwards
Normal PowerPlayPenalty Kill
Zach Parise, Marcus Johansson, Marcus FolignoZach Parise, Ryan HartmanPat Maroon
Extra Defensemen
Normal PowerPlayPenalty Kill
Rasmus Ristolainen, John Klingberg, Jon MerrillJohn Klingberg, Jordie BennJohn Klingberg
Penalty Shots
Kirill Kaprizov, Zach Parise, Mats Zuccarello, Ryan Hartman, Marcus Johansson
Goalie
Filip Gustavsson, Mackenzie Blackwood
Custom OT Lines Forwards
Kirill Kaprizov, Joel Eriksson-Ek, Eric Staal, Marcus Johansson, Mats Zuccarello, Jujhar Khaira, Zach Parise, Ryan Hartman, Marcus Foligno, Pat Maroon
Custom OT Lines Defensemen
Rasmus Ristolainen, Jon Merrill, Jake Middleton, Jordie Benn, John Klingberg
Scratches
Wade Allison (Suspend), Zach Bogosian (Sprained Right Ankle Injury), Jonas Brodin (Bruised Right Foot Injury), Brandon Duhaime (Healthy), Alex Goligoski (Healthy) Elvis Merzlikins (Healthy)

Nashville Predators

5 vs 5 Forward
Line #Left WingCenterRight WingPHYDFOFWanted %Time %Time Play
1Filip ForsbergRyan O'ReillyCody Glass1224038%17:45
2Cole SmithTommy NovakJuuso Parssinen1223030%13:47
3Kiefer SherwoodColton SissonsGustav Nyquist1222029%13:29
4Filip ForsbergJuuso ParssinenRyan O'Reilly122103%1:24
5 vs 5 Defense
Line #DefenseDefensePHYDFOFWanted %Time %Time Play
1Roman JosiTyson Barrie1224041%19:15
2Luke SchennRyan McDonagh1223033%15:21
3Jeremy LauzonDante Fabbro1222021%9:44
4Roman JosiTyson Barrie122104%2:05
Power Play Forward
Line #Left WingCenterRight WingPHYDFOFWanted %Time %Time Play
1Filip ForsbergRyan O'ReillyCody Glass1226063%3:44
2Cole SmithTommy NovakJuuso Parssinen1224037%2:13
Power Play Defense
Line #DefenseDefensePHYDFOFWanted %Time %Time Play
1Roman JosiTyson Barrie1226071%4:14
2Luke SchennRyan McDonagh1224029%1:43
Penalty Kill 4 Players Forward
Line #CenterWingPHYDFOFWanted %Time %Time Play
1Filip ForsbergRyan O'Reilly1226069%5:17
2Tommy NovakColton Sissons1224031%2:21
Penalty Kill 4 Players Defense
Line #DefenseDefensePHYDFOFWanted %Time %Time Play
1Roman JosiTyson Barrie1226065%4:56
2Luke SchennRyan McDonagh1224035%2:42
Penalty Kill 3 Players
Line #WingPHYDFOFWanted %Time %Time PlayDefenseDefensePHYDFOFWanted %Time %Time Play
1Filip Forsberg122600%0:00 Roman JosiTyson Barrie122600%0:00
2Ryan O'Reilly122400%0:00 Luke SchennRyan McDonagh122400%0:00
4 vs 4 Forward
Line #CenterWingPHYDFOFWanted %Time %Time Play
1Filip ForsbergRyan O'Reilly122600%0:00
2Tommy NovakColton Sissons122400%0:00
4 vs 4 Defense
Line #DefensePHYDFOFWanted %Time %Time Play
1Roman JosiTyson Barrie122600%0:00
2Luke SchennRyan McDonagh122400%0:00
Last Minutes Offensive
Left WingCenterRight WingDefenseDefense
Filip ForsbergRyan O'ReillyCody GlassRoman JosiTyson Barrie
Last Minutes Defensive
Left WingCenterRight WingDefenseDefense
Filip ForsbergRyan O'ReillyCody GlassRoman JosiTyson Barrie
Time
Total ForwardTotal DefenseLast Minutes OffensiveLast Minutes Defensive
60:00 60:00 0:000:00
Extra Forwards
Normal PowerPlayPenalty Kill
Cody Glass, Yakov Trenin, Mark JankowskiCody Glass, Yakov TreninMark Jankowski
Extra Defensemen
Normal PowerPlayPenalty Kill
Jeremy Lauzon, Dante Fabbro, Luke SchennJeremy Lauzon, Dante FabbroLuke Schenn
Penalty Shots
Filip Forsberg, Ryan O'Reilly, Tommy Novak, Colton Sissons, Juuso Parssinen
Goalie
Juuse Saros, Kevin Lankinen
Custom OT Lines Forwards
Filip Forsberg, Ryan O'Reilly, Tommy Novak, Colton Sissons, Juuso Parssinen, Gustav Nyquist, Cody Glass, Yakov Trenin, Cole Smith, Kiefer Sherwood
Custom OT Lines Defensemen
Roman Josi, Tyson Barrie, Luke Schenn, Ryan McDonagh, Jeremy Lauzon
Scratches
Denis Gurianov (Healthy), Michael McCarron (Healthy), Spencer Stastney (Healthy)


Play-by-Play

1st period


0:01 of 1st period - Zach Parise wins face-off versus Filip Forsberg in neutral zone.
0:08 of 1st period - Snap shot by Kirill Kaprizov.
0:08 of 1st period - Deflect By Mats Zuccarello.
0:08 of 1st period - Shot Blocked by Tyson Barrie.
0:08 of 1st period - Puck is out of play.
0:09 of 1st period - Zach Parise wins face-off versus Ryan O'Reilly in Nashville Predators zone.
0:16 of 1st period - Wrist shot by Mats Zuccarello.
0:16 of 1st period - Shot Misses the Net.
0:26 of 1st period - Snap shot by Kirill Kaprizov.
0:26 of 1st period - Shot Misses the Net.
0:28 of 1st period - Wrist shot by Zach Parise.
0:28 of 1st period - Shot Hit the Post.
0:30 of 1st period - Wrist shot by Zach Parise.
0:30 of 1st period - Shot Misses the Net.
0:52 of 1st period - Wrist shot by Kirill Kaprizov.
0:52 of 1st period - Shot Misses the Net.
1:18 of 1st period - Snap shot by Mats Zuccarello.
1:18 of 1st period - Deflect By Kirill Kaprizov.
1:18 of 1st period - Shot Misses the Net.
1:18 of 1st period - Puck is out of play.
1:19 of 1st period - Tommy Novak wins face-off versus Ryan Hartman in Nashville Predators zone.
1:32 of 1st period - Wrist shot by Tommy Novak.
1:32 of 1st period - Shot Blocked by John Klingberg.
2:07 of 1st period - Jesse Ylonen is hit by Cole Smith.
2:47 of 1st period - Jordie Benn is hit by Juuso Parssinen and loses puck.
4:16 of 1st period - Jesse Ylonen is hit by Luke Schenn and loses puck.
4:45 of 1st period - Slapshot by Tyson Barrie.
4:45 of 1st period - Stopped by Filip Gustavsson with a rebound.
4:47 of 1st period - Slapshot by Yakov Trenin.
4:47 of 1st period - Shot Misses the Net.
5:52 of 1st period - Icing by Zach Parise.
5:53 of 1st period - Ryan O'Reilly wins face-off versus Zach Parise in Minnesota Wild zone.
6:31 of 1st period - Gustav Nyquist is hit by Connor Dewar and loses puck.
7:33 of 1st period - Snap shot by Mats Zuccarello.
7:33 of 1st period - Stopped by Juuse Saros with a rebound.
7:37 of 1st period - Wrist shot by Zach Parise.
7:37 of 1st period - Stopped by Juuse Saros with a rebound.
7:39 of 1st period - Wrist shot by Zach Parise.
7:39 of 1st period - Shot Misses the Net.
7:41 of 1st period - Slapshot by Jared Spurgeon.
7:41 of 1st period - Deflect By Mats Zuccarello.
7:41 of 1st period - Stopped by Juuse Saros without a rebound.
7:42 of 1st period - Ryan O'Reilly wins face-off versus Ryan Hartman in Nashville Predators zone.
9:47 of 1st period - Slapshot by Jujhar Khaira.
9:47 of 1st period - Stopped by Juuse Saros without a rebound.
9:48 of 1st period - Colton Sissons wins face-off versus Jujhar Khaira in Nashville Predators zone.
9:55 of 1st period - Snap shot by Colton Sissons.
9:55 of 1st period - Deflect By Kiefer Sherwood.
9:55 of 1st period - Shot Misses the Net.
9:55 of 1st period - Puck is out of play.
9:56 of 1st period - Ryan Hartman wins face-off versus Juuso Parssinen in Minnesota Wild zone.
10:07 of 1st period - Wrist shot by Joel Eriksson-Ek.
10:07 of 1st period - Stopped by Juuse Saros with a rebound.
10:11 of 1st period - Snap shot by Joel Eriksson-Ek.
10:11 of 1st period - Shot Blocked by Luke Schenn.
10:13 of 1st period - Snap shot by Ryan Hartman.
10:13 of 1st period - Shot Misses the Net.
10:45 of 1st period - Snap shot by Tommy Novak.
10:45 of 1st period - Stopped by Filip Gustavsson with a rebound.
10:48 of 1st period - Icing by Rasmus Ristolainen.
10:49 of 1st period - Jujhar Khaira wins face-off versus Tommy Novak in Minnesota Wild zone.
11:10 of 1st period - Snap shot by Jujhar Khaira.
11:10 of 1st period - Stopped by Juuse Saros without a rebound.
11:11 of 1st period - Ryan O'Reilly wins face-off versus Ryan Hartman in Nashville Predators zone.
11:32 of 1st period - Rasmus Ristolainen is hit by Cody Glass and loses puck.
11:49 of 1st period - Snap shot by Marcus Johansson.
11:49 of 1st period - Shot Misses the Net.
12:11 of 1st period - Snap shot by Marcus Johansson.
12:11 of 1st period - Stopped by Juuse Saros with a rebound.
12:21 of 1st period - Wrist shot by Cody Glass.
12:21 of 1st period - Shot Misses the Net.
12:37 of 1st period - Slapshot by Roman Josi.
12:37 of 1st period - Stopped by Filip Gustavsson with a rebound.
12:39 of 1st period - Wrist shot by Ryan O'Reilly.
12:39 of 1st period - Stopped by Filip Gustavsson without a rebound.
12:40 of 1st period - Tommy Novak wins face-off versus Zach Parise in Minnesota Wild zone.
12:53 of 1st period - Wrist shot by Kirill Kaprizov.
12:53 of 1st period - Shot Misses the Net.
12:55 of 1st period - Slapshot by Jake Middleton.
12:55 of 1st period - Stopped by Juuse Saros without a rebound.
12:56 of 1st period - Colton Sissons wins face-off versus Jujhar Khaira in Nashville Predators zone.
13:58 of 1st period - Snap shot by Gustav Nyquist.
13:58 of 1st period - Stopped by Filip Gustavsson without a rebound.
13:59 of 1st period - Tommy Novak wins face-off versus Jujhar Khaira in Minnesota Wild zone.
14:04 of 1st period - Slapshot by Roman Josi.
14:04 of 1st period - Shot Misses the Net.
14:26 of 1st period - Cody Glass is hit by Zach Parise and loses puck.
15:29 of 1st period - Snap shot by John Klingberg.
15:29 of 1st period - Shot Misses the Net.
15:58 of 1st period - Wrist shot by Jesse Ylonen.
15:58 of 1st period - Stopped by Juuse Saros without a rebound.
15:59 of 1st period - Tommy Novak wins face-off versus Jesse Ylonen in Nashville Predators zone.
15:59 of 1st period - Tommy Novak is hit by Pat Maroon.
16:39 of 1st period - Kirill Kaprizov is hit by Tommy Novak and loses puck.
19:11 of 1st period - Wrist shot by Mats Zuccarello.
19:11 of 1st period - Shot Misses the Net.
19:39 of 1st period - Snap shot by Connor Dewar.
19:39 of 1st period - Shot Misses the Net.
Goals for this period are 0 for Minnesota Wild vs 0 for Nashville Predators.
Shots for this period are 9 for Minnesota Wild vs 5 for Nashville Predators.

2nd period


0:01 of 2nd period - Juuso Parssinen wins face-off versus Ryan Hartman in neutral zone.
0:27 of 2nd period - Rasmus Ristolainen is hit by Gustav Nyquist and loses puck.
0:36 of 2nd period - Wrist shot by Colton Sissons.
0:36 of 2nd period - Stopped by Filip Gustavsson without a rebound.
0:37 of 2nd period - Ryan O'Reilly wins face-off versus Zach Parise in Minnesota Wild zone.
0:44 of 2nd period - Snap shot by Mats Zuccarello.
0:44 of 2nd period - Stopped by Juuse Saros without a rebound.
0:45 of 2nd period - Ryan O'Reilly wins face-off versus Zach Parise in Nashville Predators zone.
0:47 of 2nd period - Minor Penalty to Tyson Barrie for Tripping.
0:48 of 2nd period - Filip Forsberg wins face-off versus Zach Parise in Nashville Predators zone.
1:02 of 2nd period - Snap shot by Roman Josi.
1:02 of 2nd period - Deflect By Mats Zuccarello.
1:02 of 2nd period - Stopped by Filip Gustavsson without a rebound.
1:03 of 2nd period - Filip Forsberg wins face-off versus Zach Parise in Minnesota Wild zone.
1:10 of 2nd period - Wrist shot by Filip Forsberg.
1:10 of 2nd period - Stopped by Filip Gustavsson without a rebound.
1:11 of 2nd period - Filip Forsberg wins face-off versus Zach Parise in Minnesota Wild zone.
1:24 of 2nd period - Backhand shot by Mats Zuccarello.
1:24 of 2nd period - Stopped by Juuse Saros with a rebound.
1:26 of 2nd period - Slapshot by Rasmus Ristolainen.
1:26 of 2nd period - Stopped by Juuse Saros with a rebound.
1:28 of 2nd period - Wrist shot by Mats Zuccarello.
1:28 of 2nd period - Stopped by Juuse Saros with a rebound.
1:58 of 2nd period - Snap shot by Mats Zuccarello.
1:58 of 2nd period - Deflect By Kirill Kaprizov.
1:58 of 2nd period - Shot Misses the Net.
1:58 of 2nd period - Puck is out of play.
1:59 of 2nd period - Ryan Hartman wins face-off versus Filip Forsberg in Nashville Predators zone.
2:12 of 2nd period - Dante Fabbro is hit by Ryan Hartman and loses puck.
2:47 of 2nd period - Penalty to Tyson Barrie is over, Tyson Barrie is back on ice.
3:17 of 2nd period - Slapshot by Tyson Barrie.
3:17 of 2nd period - Shot Misses the Net.
3:19 of 2nd period - Slapshot by Roman Josi.
3:19 of 2nd period - Stopped by Filip Gustavsson without a rebound.
3:20 of 2nd period - Tommy Novak wins face-off versus Ryan Hartman in Minnesota Wild zone.
3:23 of 2nd period - Snap shot by Tommy Novak.
3:23 of 2nd period - Stopped by Filip Gustavsson with a rebound.
3:31 of 2nd period - Snap shot by Marcus Johansson.
3:31 of 2nd period - Stopped by Juuse Saros without a rebound.
3:32 of 2nd period - Ryan O'Reilly wins face-off versus Jesse Ylonen in Nashville Predators zone.
3:41 of 2nd period - Slapshot by Roman Josi.
3:41 of 2nd period - Stopped by Filip Gustavsson without a rebound.
3:42 of 2nd period - Ryan O'Reilly wins face-off versus Pat Maroon in Minnesota Wild zone.
3:43 of 2nd period - Wrist shot by Roman Josi.
3:43 of 2nd period - Stopped by Filip Gustavsson with a rebound.
4:34 of 2nd period - Ryan O'Reilly is hit by Pat Maroon and loses puck.
4:41 of 2nd period - Slapshot by Roman Josi.
4:41 of 2nd period - Shot Misses the Net.
4:43 of 2nd period - Wrist shot by Cody Glass.
4:43 of 2nd period - Deflect By Filip Forsberg.
4:43 of 2nd period - Shot Misses the Net.
4:43 of 2nd period - Puck is out of play.
4:44 of 2nd period - Tommy Novak wins face-off versus Zach Parise in Minnesota Wild zone.
4:53 of 2nd period - Jake Middleton is hit by Cole Smith and loses puck.
5:10 of 2nd period - Marcus Johansson is hit by Colton Sissons and loses puck.
5:15 of 2nd period - Wrist shot by Kiefer Sherwood.
5:15 of 2nd period - Shot Blocked by Jake Middleton.
5:21 of 2nd period - Slapshot by Joel Eriksson-Ek.
5:21 of 2nd period - Stopped by Juuse Saros with a rebound.
6:05 of 2nd period - Off-side.
6:06 of 2nd period - Colton Sissons wins face-off versus Zach Parise in neutral zone.
6:11 of 2nd period - Snap shot by Kiefer Sherwood.
6:11 of 2nd period - Shot Hit the Post.
6:19 of 2nd period - Snap shot by Kirill Kaprizov.
6:19 of 2nd period - Shot Misses the Net.
6:21 of 2nd period - Wrist shot by Mats Zuccarello.
6:21 of 2nd period - Goal by Mats Zuccarello - Minnesota Wild : 1 - Nashville Predators : 0.
6:22 of 2nd period - Ryan O'Reilly wins face-off versus Zach Parise in neutral zone.
6:32 of 2nd period - Off-side.
6:33 of 2nd period - Ryan O'Reilly wins face-off versus Zach Parise in neutral zone.
6:52 of 2nd period - Rasmus Ristolainen is hit by Cody Glass and loses puck.
7:03 of 2nd period - Slapshot by Roman Josi.
7:03 of 2nd period - Deflect By Mats Zuccarello.
7:03 of 2nd period - Stopped by Filip Gustavsson without a rebound.
7:04 of 2nd period - Gustav Nyquist wins face-off versus Ryan Hartman in Minnesota Wild zone.
7:05 of 2nd period - Snap shot by Kiefer Sherwood.
7:05 of 2nd period - Stopped by Filip Gustavsson with a rebound.
7:13 of 2nd period - Slapshot by Joel Eriksson-Ek.
7:13 of 2nd period - Stopped by Juuse Saros without a rebound.
7:14 of 2nd period - Ryan Hartman wins face-off versus Filip Forsberg in Nashville Predators zone.
7:15 of 2nd period - Snap shot by Marcus Johansson.
7:15 of 2nd period - Stopped by Juuse Saros without a rebound.
7:16 of 2nd period - Ryan Hartman wins face-off versus Ryan O'Reilly in Nashville Predators zone.
7:22 of 2nd period - Wrist shot by Joel Eriksson-Ek.
7:22 of 2nd period - Stopped by Juuse Saros without a rebound.
7:23 of 2nd period - Ryan O'Reilly wins face-off versus Ryan Hartman in Nashville Predators zone.
7:38 of 2nd period - Slapshot by Filip Forsberg.
7:38 of 2nd period - Shot Misses the Net.
7:40 of 2nd period - Minor Penalty to Ryan Hartman for Interference.
7:41 of 2nd period - Ryan O'Reilly wins face-off versus Zach Parise in Minnesota Wild zone.
7:44 of 2nd period - Slapshot by Roman Josi.
7:44 of 2nd period - Shot Blocked by John Klingberg.
7:46 of 2nd period - Slapshot by Roman Josi.
7:46 of 2nd period - Stopped by Filip Gustavsson with a rebound.
7:50 of 2nd period - Slapshot by Tyson Barrie.
7:50 of 2nd period - Stopped by Filip Gustavsson without a rebound.
7:51 of 2nd period - Ryan O'Reilly wins face-off versus Zach Parise in Minnesota Wild zone.
8:14 of 2nd period - Slapshot by Tyson Barrie.
8:14 of 2nd period - Stopped by Filip Gustavsson without a rebound.
8:15 of 2nd period - Zach Parise wins face-off versus Tommy Novak in Minnesota Wild zone.
8:28 of 2nd period - Slapshot by Roman Josi.
8:28 of 2nd period - Deflect By Tommy Novak.
8:28 of 2nd period - Shot Misses the Net.
8:28 of 2nd period - Puck is out of play.
8:29 of 2nd period - Zach Parise wins face-off versus Filip Forsberg in Minnesota Wild zone.
8:44 of 2nd period - Wrist shot by Filip Forsberg.
8:44 of 2nd period - Stopped by Filip Gustavsson without a rebound.
8:45 of 2nd period - Kirill Kaprizov wins face-off versus Ryan O'Reilly in Minnesota Wild zone.
9:40 of 2nd period - Penalty to Ryan Hartman is over, Ryan Hartman is back on ice.
10:14 of 2nd period - Dante Fabbro is hit by Jordie Benn and loses puck.
10:27 of 2nd period - Snap shot by Marcus Foligno.
10:27 of 2nd period - Stopped by Juuse Saros without a rebound.
10:28 of 2nd period - Tommy Novak wins face-off versus Ryan Hartman in Nashville Predators zone.
10:43 of 2nd period - Snap shot by Tommy Novak.
10:43 of 2nd period - Stopped by Filip Gustavsson without a rebound.
10:44 of 2nd period - Cody Glass wins face-off versus Zach Parise in Minnesota Wild zone.
10:47 of 2nd period - Slapshot by Tyson Barrie.
10:47 of 2nd period - Stopped by Filip Gustavsson with a rebound.
10:49 of 2nd period - Wrist shot by Cody Glass.
10:49 of 2nd period - Stopped by Filip Gustavsson without a rebound.
10:50 of 2nd period - Zach Parise wins face-off versus Ryan O'Reilly in Minnesota Wild zone.
11:43 of 2nd period - Wrist shot by Kirill Kaprizov.
11:43 of 2nd period - Deflect By Mats Zuccarello.
11:43 of 2nd period - Shot Blocked by Filip Forsberg.
11:43 of 2nd period - Puck is out of play.
11:44 of 2nd period - Ryan Hartman wins face-off versus Tommy Novak in Nashville Predators zone.
11:53 of 2nd period - Tommy Novak is hit by Ryan Hartman and loses puck.
12:16 of 2nd period - Slapshot by Eric Staal.
12:16 of 2nd period - Shot Blocked by Colton Sissons.
12:18 of 2nd period - Slapshot by Jon Merrill.
12:18 of 2nd period - Stopped by Juuse Saros without a rebound.
12:19 of 2nd period - Colton Sissons wins face-off versus Jujhar Khaira in Nashville Predators zone.
12:23 of 2nd period - Icing by Tyson Barrie.
12:24 of 2nd period - Eric Staal wins face-off versus Colton Sissons in Nashville Predators zone.
12:25 of 2nd period - Snap shot by Jujhar Khaira.
12:25 of 2nd period - Stopped by Juuse Saros without a rebound.
12:26 of 2nd period - Jujhar Khaira wins face-off versus Kiefer Sherwood in Nashville Predators zone.
13:59 of 2nd period - Slapshot by Tyson Barrie.
13:59 of 2nd period - Stopped by Filip Gustavsson without a rebound.
14:00 of 2nd period - Ryan Hartman wins face-off versus Cody Glass in Minnesota Wild zone.
15:24 of 2nd period - Slapshot by Kirill Kaprizov.
15:24 of 2nd period - Shot Misses the Net.
16:21 of 2nd period - Gustav Nyquist is hit by Jesse Ylonen and loses puck.
16:36 of 2nd period - Tyson Barrie is hit by Rasmus Ristolainen and loses puck.
17:10 of 2nd period - Jeremy Lauzon is hit by Zach Parise.
17:35 of 2nd period - Cole Smith is hit by John Klingberg and loses puck.
17:49 of 2nd period - Icing by John Klingberg.
17:50 of 2nd period - Ryan O'Reilly wins face-off versus Jujhar Khaira in Minnesota Wild zone.
18:06 of 2nd period - Minor Penalty to Colton Sissons for Slashing.
18:07 of 2nd period - Zach Parise wins face-off versus Filip Forsberg in Nashville Predators zone.
18:37 of 2nd period - Slapshot by Rasmus Ristolainen.
18:37 of 2nd period - Shot Blocked by Ryan O'Reilly.
18:39 of 2nd period - Wrist shot by Rasmus Ristolainen.
18:39 of 2nd period - Shot Misses the Net.
18:41 of 2nd period - Snap shot by Marcus Johansson.
18:41 of 2nd period - Stopped by Juuse Saros with a rebound.
18:43 of 2nd period - Slapshot by Rasmus Ristolainen.
18:43 of 2nd period - Shot Misses the Net.
18:53 of 2nd period - Slapshot by Roman Josi.
18:53 of 2nd period - Shot Blocked by Connor Dewar.
19:35 of 2nd period - Luke Schenn is hit by Rasmus Ristolainen and loses puck.
Goals for this period are 1 for Minnesota Wild vs 0 for Nashville Predators.
Shots for this period are 14 for Minnesota Wild vs 17 for Nashville Predators.

3rd period


0:01 of 3rd period - Ryan O'Reilly wins face-off versus Zach Parise in neutral zone.
0:06 of 3rd period - Penalty to Colton Sissons is over, Colton Sissons is back on ice.
0:06 of 3rd period - Slapshot by Tyson Barrie.
0:06 of 3rd period - Stopped by Filip Gustavsson with a rebound.
0:26 of 3rd period - Cole Smith is hit by Jake Middleton and loses puck.
0:33 of 3rd period - Wrist shot by Juuso Parssinen.
0:33 of 3rd period - Stopped by Filip Gustavsson without a rebound.
0:34 of 3rd period - Tommy Novak wins face-off versus Ryan Hartman in Minnesota Wild zone.
1:03 of 3rd period - Zach Parise is hit by Luke Schenn and loses puck.
1:21 of 3rd period - Minor Penalty to Marcus Foligno for Interference.
1:22 of 3rd period - Ryan O'Reilly wins face-off versus Zach Parise in Minnesota Wild zone.
1:28 of 3rd period - Slapshot by Roman Josi.
1:28 of 3rd period - Shot Misses the Net.
1:30 of 3rd period - Snap shot by Roman Josi.
1:30 of 3rd period - Deflect By Filip Forsberg.
1:30 of 3rd period - Stopped by Filip Gustavsson without a rebound.
1:31 of 3rd period - Zach Parise wins face-off versus Ryan O'Reilly in Minnesota Wild zone.
1:42 of 3rd period - Slapshot by Tyson Barrie.
1:42 of 3rd period - Deflect By Filip Forsberg.
1:42 of 3rd period - Stopped by Filip Gustavsson without a rebound.
1:43 of 3rd period - Zach Parise wins face-off versus Ryan O'Reilly in Minnesota Wild zone.
3:04 of 3rd period - Cody Glass is hit by Marcus Johansson and loses puck.
3:21 of 3rd period - Penalty to Marcus Foligno is over, Marcus Foligno is back on ice.
3:37 of 3rd period - Snap shot by Colton Sissons.
3:37 of 3rd period - Stopped by Filip Gustavsson with a rebound.
3:39 of 3rd period - Wrist shot by Gustav Nyquist.
3:39 of 3rd period - Shot Misses the Net.
3:41 of 3rd period - Wrist shot by Gustav Nyquist.
3:41 of 3rd period - Goal by Gustav Nyquist - Minnesota Wild : 1 - Nashville Predators : 1.
3:42 of 3rd period - Ryan O'Reilly wins face-off versus Ryan Hartman in neutral zone.
3:49 of 3rd period - Snap shot by Filip Forsberg.
3:49 of 3rd period - Stopped by Filip Gustavsson with a rebound.
3:51 of 3rd period - Snap shot by Cody Glass.
3:51 of 3rd period - Shot Blocked by Ryan Hartman.
3:53 of 3rd period - Wrist shot by Ryan O'Reilly.
3:53 of 3rd period - Deflect By Marcus Johansson.
3:53 of 3rd period - Goal by Ryan O'Reilly - Minnesota Wild : 1 - Nashville Predators : 2.
3:54 of 3rd period - Ryan Hartman wins face-off versus Ryan O'Reilly in neutral zone.
3:56 of 3rd period - Off-side.
3:57 of 3rd period - Ryan Hartman wins face-off versus Filip Forsberg in neutral zone.
4:17 of 3rd period - Icing by Ryan Hartman.
4:18 of 3rd period - Ryan Hartman wins face-off versus Tommy Novak in Minnesota Wild zone.
4:51 of 3rd period - Slapshot by Joel Eriksson-Ek.
4:51 of 3rd period - Stopped by Juuse Saros without a rebound.
4:51 of 3rd period - Cole Smith and Jake Middleton fight to a draw.
4:51 of 3rd period - Penalty to Cole Smith for Fighting.
4:51 of 3rd period - Penalty to Jake Middleton for Fighting.
4:52 of 3rd period - Ryan O'Reilly wins face-off versus Zach Parise in Nashville Predators zone.
5:25 of 3rd period - Slapshot by Jujhar Khaira.
5:25 of 3rd period - Shot Blocked by Roman Josi.
5:55 of 3rd period - Slapshot by Roman Josi.
5:55 of 3rd period - Deflect By Tommy Novak.
5:55 of 3rd period - Stopped by Filip Gustavsson without a rebound.
5:56 of 3rd period - Colton Sissons wins face-off versus Zach Parise in Minnesota Wild zone.
6:03 of 3rd period - Wrist shot by Gustav Nyquist.
6:03 of 3rd period - Stopped by Filip Gustavsson without a rebound.
6:04 of 3rd period - Zach Parise wins face-off versus Gustav Nyquist in Minnesota Wild zone.
6:27 of 3rd period - Zach Parise is hit by Gustav Nyquist and loses puck.
6:38 of 3rd period - Wrist shot by Kirill Kaprizov.
6:38 of 3rd period - Stopped by Juuse Saros without a rebound.
6:39 of 3rd period - Ryan O'Reilly wins face-off versus Marcus Johansson in Nashville Predators zone.
7:06 of 3rd period - Jordie Benn is hit by Roman Josi and loses puck.
7:32 of 3rd period - Minor Penalty to Roman Josi for High sticking.
7:33 of 3rd period - Filip Forsberg wins face-off versus Zach Parise in Nashville Predators zone.
8:09 of 3rd period - Off-side.
8:10 of 3rd period - Tommy Novak wins face-off versus Zach Parise in neutral zone.
8:19 of 3rd period - Tommy Novak is hit by Kirill Kaprizov and loses puck.
8:39 of 3rd period - Filip Forsberg is hit by Rasmus Ristolainen and loses puck.
9:11 of 3rd period - Slapshot by John Klingberg.
9:11 of 3rd period - Shot Blocked by Dante Fabbro.
9:13 of 3rd period - Snap shot by Marcus Johansson.
9:13 of 3rd period - Goal by Marcus Johansson - Minnesota Wild : 2 - Nashville Predators : 2.
9:14 of 3rd period - Ryan Hartman wins face-off versus Tommy Novak in neutral zone.
9:23 of 3rd period - Snap shot by Ryan Hartman.
9:23 of 3rd period - Shot Misses the Net.
9:41 of 3rd period - Zach Parise is hit by Colton Sissons and loses puck.
9:59 of 3rd period - Icing by Tyson Barrie.
10:00 of 3rd period - Ryan O'Reilly wins face-off versus Jujhar Khaira in Nashville Predators zone.
11:07 of 3rd period - Minor Penalty to Kirill Kaprizov for Holding.
11:08 of 3rd period - Zach Parise wins face-off versus Ryan O'Reilly in Minnesota Wild zone.
13:07 of 3rd period - Penalty to Kirill Kaprizov is over, Kirill Kaprizov is back on ice.
13:17 of 3rd period - Wrist shot by Joel Eriksson-Ek.
13:17 of 3rd period - Stopped by Juuse Saros with a rebound.
13:19 of 3rd period - Minor Penalty to Gustav Nyquist for Roughing.
13:20 of 3rd period - Zach Parise wins face-off versus Filip Forsberg in Nashville Predators zone.
13:50 of 3rd period - Roman Josi is hit by Ryan Hartman and loses puck.
15:19 of 3rd period - Penalty to Gustav Nyquist is over, Gustav Nyquist is back on ice.
16:06 of 3rd period - Jon Merrill is hit by Luke Schenn and loses puck.
16:15 of 3rd period - Snap shot by Gustav Nyquist.
16:15 of 3rd period - Shot Misses the Net.
16:29 of 3rd period - Rasmus Ristolainen is hit by Dante Fabbro and loses puck.
17:00 of 3rd period - Snap shot by Rasmus Ristolainen.
17:00 of 3rd period - Stopped by Juuse Saros with a rebound.
17:29 of 3rd period - Icing by Tyson Barrie.
17:30 of 3rd period - Ryan Hartman wins face-off versus Yakov Trenin in Nashville Predators zone.
18:44 of 3rd period - Jared Spurgeon is hit by Kiefer Sherwood.
19:26 of 3rd period - Kirill Kaprizov is hit by Ryan McDonagh and loses puck.
Goals for this period are 1 for Minnesota Wild vs 2 for Nashville Predators.
Shots for this period are 5 for Minnesota Wild vs 10 for Nashville Predators.

Overtime #1


0:01 of 1st overtime period - Joel Eriksson-Ek wins face-off versus Ryan O'Reilly in neutral zone.
1:26 of 1st overtime period - Off-side.
1:27 of 1st overtime period - Juuso Parssinen wins face-off versus Eric Staal in neutral zone.
2:33 of 1st overtime period - Colton Sissons is hit by Jujhar Khaira and loses puck.
4:31 of 1st overtime period - Slapshot by Rasmus Ristolainen.
4:31 of 1st overtime period - Deflect By Zach Parise.
4:31 of 1st overtime period - Shot Hit the Post.
4:31 of 1st overtime period - Puck is out of play.
4:32 of 1st overtime period - Joel Eriksson-Ek wins face-off versus Ryan O'Reilly in Nashville Predators zone.
Goals for this period are 0 for Minnesota Wild vs 0 for Nashville Predators.
Shots for this period are 0 for Minnesota Wild vs 0 for Nashville Predators.

ShootOut


5:00 of 1st overtime period - Round #1.
5:00 of 1st overtime period - Minnesota Wild, Kirill Kaprizov.
5:00 of 1st overtime period - Wrist shot by Kirill Kaprizov.
5:00 of 1st overtime period - Stopped by Juuse Saros.
5:00 of 1st overtime period - Nashville Predators, Filip Forsberg.
5:00 of 1st overtime period - Deke by Filip Forsberg.
5:00 of 1st overtime period - Shot Misses the Net.
5:00 of 1st overtime period - Round #2.
5:00 of 1st overtime period - Minnesota Wild, Zach Parise.
5:00 of 1st overtime period - Wrist shot by Zach Parise.
5:00 of 1st overtime period - Shot Misses the Net.
5:00 of 1st overtime period - Nashville Predators, Ryan O'Reilly.
5:00 of 1st overtime period - Deke by Ryan O'Reilly.
5:00 of 1st overtime period - Stopped by Filip Gustavsson.
5:00 of 1st overtime period - Round #3.
5:00 of 1st overtime period - Minnesota Wild, Mats Zuccarello.
5:00 of 1st overtime period - Deke by Mats Zuccarello.
5:00 of 1st overtime period - Stopped by Juuse Saros.
5:00 of 1st overtime period - Nashville Predators, Tommy Novak.
5:00 of 1st overtime period - Snap shot by Tommy Novak.
5:00 of 1st overtime period - Stopped by Filip Gustavsson.
5:00 of 1st overtime period - Round #4.
5:00 of 1st overtime period - Minnesota Wild, Ryan Hartman.
5:00 of 1st overtime period - Deke by Ryan Hartman.
5:00 of 1st overtime period - Stopped by Juuse Saros.
5:00 of 1st overtime period - Nashville Predators, Colton Sissons.
5:00 of 1st overtime period - Deke by Colton Sissons.
5:00 of 1st overtime period - Stopped by Filip Gustavsson.
5:00 of 1st overtime period - Round #5.
5:00 of 1st overtime period - Minnesota Wild, Marcus Johansson.
5:00 of 1st overtime period - Deke by Marcus Johansson.
5:00 of 1st overtime period - Goal by Marcus Johansson.
5:00 of 1st overtime period - Nashville Predators, Juuso Parssinen.
5:00 of 1st overtime period - Deke by Juuso Parssinen.
5:00 of 1st overtime period - Stopped by Filip Gustavsson.